 Dungeon Crawl Stone Soup version 0.30.1-9-gdf580d7c3d (webtiles) character file.

Game seed: 14066775937191382291

119 dumdrum the Conjurer (level 5, -6/37 HPs)
             Began as a Human Conjurer on Oct 8, 2023.
             Mangled by a kobold brigand
             ... wielding a +2 dagger of speed
              (7 damage)
             ... on level 3 of the Dungeon.
             The game lasted 00:06:18 (2848 turns).

dumdrum the Conjurer (Human Conjurer)               Turns: 2848, Time: 00:06:18

Health: -6/37      AC:  2    Str:  7    XL:     5   Next: 23%
Magic:  7/9        EV: 12    Int: 21    God:
Gold:   127        SH:  0    Dex: 11    Spells: 4/10 levels left

rFire   . . .        (no weapon)
rCold   . . .        (no shield)
rNeg    . . .        a - +0 robe
rPois   .            (no helmet)
rElec   .            (no cloak)
rCorr   .            (no gloves)
SInv    .            (no boots)
Will    .....        (no amulet)
Stlth   ++           (no ring)
HPRegen 0.26/turn    (no ring)
MPRegen 0.11/turn

%: no passive effects
@: lethally poisoned (-6 -> -7)
A: no striking features
a: no special abilities


You were on level 3 of the Dungeon.
You visited 1 branch of the dungeon, and saw 3 of its levels.

You collected 127 gold pieces.

Inventory:

Armour
 a - a +0 robe (worn)
Scrolls
 d - 2 scrolls of acquirement
 f - a scroll of blinking {unknown}
 i - a scroll of magic mapping {unknown}
 m - a scroll of amnesia {unknown}
 n - a scroll of fear {unknown}
Potions
 g - a potion of brilliance {unknown}
 j - 2 potions of flight {unknown}
 k - a potion of lignification {unknown}
 l - 2 potions of attraction {unknown}


   Skills:
 + Level 1.1 Fighting
 + Level 2.1 Dodging
 + Level 2.1 Stealth
 + Level 3.0 Spellcasting
 + Level 5.2 Conjurations
 + Level 0.1 Fire Magic


You had 4 spell levels left.
You knew the following spells:

 Your Spells              Type           Power      Damage    Failure   Level
a - Magic Dart            Conj           100%       1d8       1%          1
b - Searing Ray           Conj           50%        2d6       2%          2
c - Volatile Blastmotes   Fire/Tloc      6%         2d10      36%         3

Your spell library contained the following spells:

 Spells                   Type           Power      Damage    Failure   Level
 Dazzling Flash           Conj/Hex       28%        N/A       14%         3
 Fulminant Prism          Conj/Hex       7%         3d7       41%         4
 Iskenderun's Mystic Bla  Conj/Tloc      14%        2d5       41%         4
 Lee's Rapid Deconstruct  Erth           1%         3d4*      98%         5


Dungeon Overview and Level Annotations

Branches:
Dungeon (3/15)

Altars:

Annotations:
D:3 Sigmund


Message History

You feel sick.
You are no longer poisoned.
Casting: Searing Ray (safe; 2% risk of failure)
Confirm with . or Enter, or press ? or * to list all spells.
Aiming: Searing Ray (safe; 2% risk of failure)
Press: ? - help, Shift-Dir - straight line, f/p - kobold brigand
Aim: a kobold brigand, wielding a +2 dagger of speed and quivering poisoned darts (moderately wounded, 74% to hit)
The searing ray misses the kobold brigand. (Press . to maintain the ray.)
The kobold brigand throws a poisoned dart.
The poisoned dart hits you!
You are poisoned.
The searing ray hits the kobold brigand.
The kobold brigand is heavily wounded.
You feel sick.
The searing ray hits the kobold brigand!
The kobold brigand is almost dead.
You feel sick.
The kobold brigand hits you with a +2 dagger of speed.
Magic courses through your body.
You feel sick.
The kobold brigand hits you with a +2 dagger of speed!
The kobold brigand hits you with a +2 dagger of speed.
* * * LOW HITPOINT WARNING * * *
Casting: Searing Ray (safe; 2% risk of failure)
Confirm with . or Enter, or press ? or * to list all spells.
Aiming: Searing Ray (safe; 2% risk of failure)
Press: ? - help, Shift-Dir - straight line, f/p - kobold brigand
Aim: a kobold brigand, wielding a +2 dagger of speed and quivering poisoned darts (almost dead, 74% to hit)
The searing ray hits the kobold brigand.
The kobold brigand is almost dead. (Press . to maintain the ray.)
You feel sick.
The kobold brigand hits you with a +2 dagger of speed!
* * * LOW HITPOINT WARNING * * *
The searing ray hits the kobold brigand but does no damage.
The kobold brigand is almost dead.
* * * LOW HITPOINT WARNING * * *
You feel sick.
The kobold brigand hits you with a +2 dagger of speed!
You die...

#...# ##.#. .... #
# ##.## ##.##.
##...## ##
......##.....## .+
..............##.#
#..))......# #
##..#K@..<.# # #.
#..#..#####
#.#~~#..####
...~~##).#
#~~~≈#K)#
#~~≈≈#..#
#~~~≈#.)#
##~≈##..#
..~~#..##


You could see a kobold brigand.

Vanquished Creatures
  A sleepcap (D:3)
  Robin (D:2)
  2 adders (D:2)
  A dart slug (D:1)
  4 bats
  5 endoplasms
  A giant cockroach (D:3)
  8 goblins
  11 hobgoblins
  5 ball pythons
  A frilled lizard (D:1)
  13 kobolds
  4 rats
57 creatures vanquished.

Notes
Turn   | Place    | Note
-------+----------+-------------------------------------------
     0 | D:1      | dumdrum the Human Conjurer began the quest for the Orb.
     0 | D:1      | Reached XP level 1. HP: 13/13 MP: 3/3
   190 | D:1      | Reached XP level 2. HP: 19/19 MP: 1/5
   257 | D:1      | Learned a level 2 spell: Searing Ray
  1099 | D:2      | Reached XP level 3. HP: 25/25 MP: 2/6
  1368 | D:2      | Reached skill level 1 in Fighting
  1450 | D:2      | Noticed Robin
  1501 | D:2      | Killed Robin
  1502 | D:2      | Reached XP level 4. HP: 32/32 MP: 2/7
  1568 | D:2      | Learned a level 3 spell: Volatile Blastmotes
  2312 | D:2      | Identified 2 scrolls of acquirement
  2351 | D:3      | Reached skill level 5 in Conjurations
  2435 | D:3      | Noticed Sigmund
  2436 | D:3      | Reached XP level 5. HP: 37/37 MP: 0/9
  2819 | D:3      | Noticed a kobold brigand
  2848 | D:3      | HP: 1/37 [poisoned by a kobold brigand]
  2848 | D:3      | Mangled by a kobold brigand

Illustrated notes

Levels and vault maps discovered:
D:1:      pf_arrival_petrified_forest, layout_loops_cross, eino_curves_03
D:2:      layout_basic, serial_bayou_pond_b, wad_floor_pattern_untrapped,
          uniq_robin
D:3:      cheibrodos_thug_alley, layout_loops_cross,
          nicolae_overflow_crystal_walls, mainiacjoe_overflow_brackets,
          grunt_temple_overflow_open, serial_shops, shop,
          kennysheep_generic_room_2, uniq_natasha, uniq_sigmund

Skill      XL: |  1  2  3  4  5 |
---------------+----------------+-----
Fighting       | 1 |  1.1
Conjurations   | 5 |  5.2
Spellcasting   | 3 |  3.0
Dodging        | |  2.1
Stealth        | |  2.1
Fire Magic     | |  0.1

Action                     |  1- 3 |  4- 6 || total
---------------------------+-------+-------++-------
   Cast: Magic Dart        |    37 |    60 ||    97
         Searing Ray       |     4 |     4 ||     8
         Volatile Blastmot |       |     3 ||     3
    Use: Scroll            |       |     3 ||     3
         Potion            |       |     1 ||     1
 Armour: Robe              |     2 |     1 ||     3
  Dodge: Dodged            |     4 |     6 ||    10
